 Dungeon Crawl Stone Soup version 0.27.1-2-g3b301248ec (webtiles) character file.

Game seed: 18194530641790863370

100 Gabide the Ruffian (level 4, -14/35 HPs)
             Began as a Mummy Monk on Oct 1, 2021.
             Was a Priest of Dithmenos.
             Demolished by an ogre (31 damage)
             ... on level 4 of the Dungeon.
             The game lasted 00:11:53 (4010 turns).

Gabide the Ruffian (Mummy Monk)                     Turns: 4010, Time: 00:11:54

Health: -14/35     AC:  3    Str: 15    XL:     4   Next: 47%
Magic:  4/4        EV: 12    Int:  9    God:    Dithmenos [***...]
Gold:   151        SH:  0    Dex: 14    Spells: 3/3 levels left

rFire    x . .     SeeInvis .     - Unarmed
rCold    + . .     Faith    .   (no shield)
rNeg     + + +     Spirit   .   a - +0 robe
rPois    ∞         Reflect  .   c - +0 helmet
rElec    .         Harm     .   (no cloak)
rCorr    .         Rampage  .   (no gloves)
Will     +....                  (no boots)
Stlth    +++.......             (no amulet)
HPRegen  0.11/turn              d - ring of willpower
MPRegen  0.09/turn              (no ring)

@: wreathed by umbra
A: cold resistance 1, negative energy resistance 3, torment resistance 2, heat
vulnerability 1, no potions
a: Renounce Religion, Shadow Step


You were on level 4 of the Dungeon.
You worshipped Dithmenos.
Dithmenos was most pleased with you.
You visited 1 branch of the dungeon, and saw 4 of its levels.

You collected 151 gold pieces.

Inventory:

Armour
 a - a +0 robe (worn)
 c - a +0 helmet (worn)
Jewellery
 d - a ring of willpower (left hand)
Scrolls
 b - 2 scrolls of noise


   Skills:
 + Level 3.2 Fighting
 + Level 2.8 Dodging
 + Level 2.2 Stealth
 * Level 3.7 Unarmed Combat


You had 3 spell levels left.
You didn't know any spells.
Your spell library contained the following spells:

 Spells                   Type           Power      Damage    Failure   Level
 Call Canine Familiar     Summ           0%         N/A       77%         3
 Portal Projectile        Hex/Tloc       0%         N/A       77%         3
 Animate Dead             Necr           0%         N/A       99%         4
 Leda's Liquefaction      Hex/Erth       0%         N/A       99%         4
 Haunt                    Necr/Summ      0%         N/A       100%        7
 Infestation              Necr           0%         N/A       100%        8


Dungeon Overview and Level Annotations

Branches:
Dungeon (4/15)
 Temple: D:4-7

Altars:
Dithmenos
Fedhas
Okawaru
The Shining One

Shops:
D:2 =


Innate Abilities, Weirdness & Mutations

You are immune to poison.
Your flesh is cold resistant. (rC+)
You are immune to negative energy. (rN+++)
You are immune to unholy pain and torment.
You are vulnerable to heat. (rF-)
You do not drink.


Message History

Okay, then.
There is an open door here.
The ogre hits you with a +0 giant spiked club!
* * * LOW HITPOINT WARNING * * *
You emit a cloud of dark smoke.
Okay, then.
You see here 6 stones.
There is a stone staircase leading up here.
The ogre closely misses you.
You climb upwards.
There is a stone staircase leading down here.
There is an open door here.
There is a stone staircase leading up here.
There is a stone staircase leading up here.
You climb upwards.
There is a stone staircase leading down here.
You start resting.
HP restored.
There is a stone staircase leading down here.
There is a stone staircase leading down here.
You climb downwards.
There is a stone staircase leading up here.
Press: ? - help, v - describe, . - travel, g - get item
Items here: 2 poisoned darts; a +0 club.
The floor, spattered with blood.
There is a stone staircase leading up here.
The ogre misses you.
There is an escape hatch in the floor here.
You can't go up here!
The ogre hits you with a +0 giant spiked club!!
Ouch! That really hurt!
You emit a cloud of dark smoke.
You slide downwards.
The hatch slams shut behind you.
Found a +0 short sword.
Found an iron altar of Okawaru.
You hit the ogre.
The ogre is lightly wounded.
The ogre barely misses you.
The ogre hits you with a +0 giant spiked club!!
Ouch! That really hurt!
You die...

.# ### .♣...#..
..# ♣.♣....# #.#
.♣.♣...# #.#
♣.♣.♣..# #.#
._.♣.♣.# #.#
♣.♣.♣..## #@#
♣.♣....########O#
♣.♣............o.#
######O#
.♣...#)###########
#o)....# .......#
#o###### .#..####
#.#....## ##...
##### #.).....#
.....
......###.#####
##...
#............#


You could see an ogre and an orc.

Vanquished Creatures
  3 adders
  A worm (D:4)
  A dart slug (D:3)
  6 orcs
  4 ball pythons
  2 endoplasms
  2 giant cockroaches
  2 goblins (D:2)
  4 hobgoblins
  4 jackals (D:1)
  11 kobolds
  4 quokkas
  6 bats
  4 frilled lizards
  4 rats
58 creatures vanquished.

Notes
Turn   | Place    | Note
-------+----------+-------------------------------------------
     0 | D:1      | Gabide the Mummy Monk began the quest for the Orb.
     0 | D:1      | Reached XP level 1. HP: 18/18 MP: 1/1
   276 | D:1      | Found a faded altar of an unknown god.
   311 | D:1      | Reached XP level 2. HP: 24/24 MP: 2/2
   527 | D:1      | Became a worshipper of Dithmenos the Shadowed
   527 | D:1      | Reached * piety under Dithmenos
   527 | D:1      | Reached ** piety under Dithmenos
   996 | D:2      | Reached *** piety under Dithmenos
  1085 | D:2      | Found Koiwaoc's Jewellery Shop.
  1121 | D:2      | Reached XP level 3. HP: 24/29 MP: 3/3
  2225 | D:3      | Reached XP level 4. HP: 35/35 MP: 4/4
  2920 | D:4      | Noticed an ogre
  3184 | D:4      | Found a blossoming altar of Fedhas.
  3574 | D:4      | Noticed an ogre
  3993 | D:4      | Found an iron altar of Okawaru.
  4010 | D:4      | Demolished by an ogre

Illustrated notes

Levels and vault maps discovered:
D:1:      dpeg_arrival_renting, layout_rooms, chequers_ecumenical_altar_island
D:2:      layout_loops_ring, basic_altar, serial_shops, shop,
          minmay_split_cup_small
D:3:      layout_basic, grunt_ministairs_7
D:4:      layout_basic, bloody_makhleb, mainiacjoe_overflow_small_starburst,
          okawaru_trees_2, nicolae_overflow_crystal_walls

Skill      XL: |  1  2  3 |
---------------+----------+-----
Unarmed Combat | 3 |  3.7
Stealth        | 2 |  2.2
Fighting       | |  3.2
Dodging        | |  2.8

Action                   |  1- 3 |  4- 6 || total
-------------------------+-------+-------++-------
Melee: Unarmed           |   168 |    78 ||   246
       Punch             |     1 |     3 ||     4
  Use: Scroll            |     4 |     1 ||     5
 Stab: Sleeping          |    13 |     6 ||    19
Armor: Robe              |    24 |     6 ||    30
Dodge: Dodged            |   107 |    44 ||   151
